 Dungeon Crawl Stone Soup version 0.30-a0-782-ge64f9170bb (webtiles) character file.

Game seed: 4227002547265701094

10897 mopl the Covert (level 11, -1/54 HPs)
             Began as a Deep Elf Enchanter on Mar 6, 2023.
             Slain by a catoblepas (30 damage)
             ... on level 8 of the Dungeon.
             The game lasted 00:19:21 (8920 turns).

mopl the Covert (Deep Elf Enchanter)                Turns: 8920, Time: 00:19:22

Health: -1/54      AC:  7    Str:  5    XL:     11   Next: 42%
Magic:  27/27      EV: 17    Int: 25    God:
Gold:   263        SH:  0    Dex: 15    Spells: 16/30 levels left

rFire   + . .      SeeInvis .    a - +3 dagger (speed)
rCold   + . .      Faith    .    (no shield)
rNeg    . . .      Spirit   .    H - +2 robe {rC+}
rPois   +          Reflect  .    h - +0 helmet
rElec   .          Harm     .    (no cloak)
rCorr   .          Rampage  .    e - +0 pair of gloves
Will    +....                    R - +0 pair of boots "Jiwkilar" {rF+}
Stlth   +++++                    T - amulet of magic regeneration
HPRegen 0.29/turn                F - ring of poison resistance
MPRegen 0.60/turn                C - +5 ring of evasion

@: no status effects
A: no striking features
a: no special abilities


You were on level 8 of the Dungeon.
You visited 2 branches of the dungeon, and saw 9 of its levels.
You also visited: Bailey.

You collected 449 gold pieces.
You spent 186 gold pieces at shops.

Inventory:

Hand Weapons
 a - a +3 dagger of speed (weapon)
 b - a +0 dagger of flaming
 x - a +5 dagger
 M - a +4 short sword
 S - a +1 dagger of electrocution
Missiles
 j - 8 javelins
 q - 20 poisoned darts
 t - 10 boomerangs
 A - 3 atropa-tipped darts
 I - a curare-tipped dart
 K - 2 throwing nets
Armour
 e - a +0 pair of gloves (worn)
 h - a +0 helmet (worn)
 G - a +0 kite shield
 H - a +2 robe of cold resistance (worn)
 N - a +0 troll leather armour
 P - the +3 robe of Clouds {*Thunder rCloud rElec}
   (You took it off a hobgoblin in a bailey)

   *Thunder:  It occasionally creates storm clouds above nearby enemies.
   rCloud:    It grants its wearer immunity to clouds.
   rElec:     It insulates you from electricity.
 R - the +0 pair of boots "Jiwkilar" (worn) {rF+}
   (You found it on level 8 of the Dungeon)

   rF:        It protects you from fire.
Magical Staves
 V - a staff of earth
Jewellery
 k - a ring of magical power
 u - a +6 ring of dexterity
 C - a +5 ring of evasion (right hand)
 F - a ring of poison resistance (left hand)
 O - a ring of resist corrosion
 T - an amulet of magic regeneration (around neck)
Wands
 E - a wand of flame (17)
Scrolls
 d - 2 scrolls of fear {unknown}
 f - 2 scrolls of enchant armour {unknown}
 i - 3 scrolls of poison
 l - 2 scrolls of brand weapon {unknown}
 m - a scroll of noise {unknown}
 o - 5 scrolls of enchant weapon {unknown}
 p - 2 scrolls of fog {unknown}
 s - 2 scrolls of teleportation {unknown}
 y - 2 scrolls of magic mapping {unknown}
 z - 2 scrolls of immolation {unknown}
 J - a scroll of vulnerability {unknown}
 L - a scroll of blinking {unknown}
Potions
 c - 3 potions of invisibility
 g - a potion of resistance
 n - 2 potions of magic
 r - 5 potions of flight
 v - 2 potions of brilliance
 w - 4 potions of curing {unknown}
 B - a potion of lignification {!q}
 D - 3 potions of mutation {!q}
 Q - a potion of cancellation {unknown}
 U - a potion of ambrosia {unknown}


   Skills:
 + Level 7.5 Short Blades
 + Level 4.8 Throwing
 - Level 2.4 Dodging
 + Level 10.8 Stealth
 + Level 4.9 Shields
 + Level 10.3 Spellcasting
 + Level 10.6 Hexes
 - Level 6.0 Translocations
 + Level 5.3 Evocations


You had 16 spell levels left.
You knew the following spells:

 Your Spells              Type           Power      Damage    Failure   Level
b - Ensorcelled Hibernat  Hex/Ice        78%        N/A       1%          2
c - Confusing Touch       Hex            60%        N/A       1%          3
d - Tukima's Dance        Hex            60%        N/A       1%          3
f - Dazzling Flash        Conj/Hex       78%        N/A       1%          3
g - Gell's Gravitas       Tloc           42%        N/A       1%          3

Your spell library contained the following spells:

 Spells                   Type           Power      Damage    Failure   Level
 Lesser Beckoning         Tloc           84%        N/A       1%          2
 Teleport Other           Tloc           42%        N/A       1%          3
 Beastly Appendage        Tmut           24%        N/A       4%          1
 Foxfire                  Conj/Fire      48%        2x1d6     4%          1
 Kindle Blastsparks       Fire/Tloc/Air  44%        2d13      6%          3
 Wereblood                Tmut           12%        N/A       7%          2
 Ignite Poison            Fire/Tmut/Pois 12%        N/A       14%         3
 Spider Form              Tmut/Pois      12%        N/A       14%         3
 Animate Dead             Necr           12%        N/A       43%         4
 Fireball                 Conj/Fire      6%         3d5       78%         5
 Freezing Cloud           Conj/Ice/Air   6%         6-21      78%         5
 Starburst                Conj/Fire      6%         6d4       100%        6
 Haunt                    Necr/Summ      6%         N/A       100%        7
 Infestation              Necr           6%         N/A       100%        8


Dungeon Overview and Level Annotations

Branches:
Dungeon (8/15)             Temple (1/1) D:7          Bailey (visited)
   Lair: D:8-11

Altars:
Ashenzari
Cheibriados
Elyvilon
Fedhas
Hepliaklqana
Kikubaaqudgha
Makhleb
Nemelex Xobeh
Okawaru
Ru
Sif Muna
Trog
Uskayaw
Vehumet
Wu Jian
Xom
Yredelemnul
Zin

Shops:
D:3 *

Annotations:
D:5 3 runed translucent doors, Dirian's ghost, novice MiFi


Message History

The helpless red ugly thing fails to defend itself.
You stick the red ugly thing like a pincushion!!!!
You kill the red ugly thing!
V - a staff of earth You open the door.
There is an open door here.
You open the door.
Found a trident.
There is an open door here.
You see here a +0 trident.
Found 6 stones.
Found a stone staircase leading up.
p - 2 scrolls labelled CESIR HIOMOIDE (gained 1)
A troll comes into view.
A catoblepas comes into view.
Found 19 gold pieces and a moonstone ring.
The troll struggles to resist.
The troll completely misses you. The troll closely misses you.
The troll completely misses you.
The troll looks drowsy...
The helpless troll fails to defend itself.
You stick the troll like a pincushion!!!!
You kill the troll!
You see here a troll corpse.
The catoblepas attacks as you move away!
The catoblepas gores you!
The air fills with toxic fumes!
As you read the scroll labelled NINAISHI LEUL, it crumbles to dust.
It was a scroll of poison.
The catoblepas gores you!
Really walk into that cloud of poison gas?
Okay, then.
You're wearing all the rings you can.
Remove which one? (? for menu, Esc to cancel) < or
k - a ring of magical power; > or
C - a +5 ring of evasion You remove your ring of magical power.
You feel your magic capacity decrease.
F - a ring of poison resistance (left hand)
The catoblepas breathes a plume of calcifying dust at you.
The blast of calcifying dust hits you but does no damage.
The catoblepas attacks as you move away!
The catoblepas gores you!!
Ouch! That really hurt!
You die...

...#.........#............#...#..
...#.........#............#...#..
...##.####..##............#####..
#..##.# #..####'######'###.....#
##################........#.....#
.........###=.§§§#........#...).#
....###....###$§§#........#.....'
##....###....###Y##########.....#
.###....###....#@##.......#.....#
...###....###§§§§##.......#....[#
#....###....###§§##.......'.....#
###....###....#####.......#.....#
..###....###....###########)....#
....###....###............)))...#
##..."###....###................#
....###....###..................#
..###....###....##.........######


You could see a catoblepas.

Vanquished Creatures
  An orc warlord (Bailey)
  An orc knight (Bailey)
  2 ugly things (D:8)
  A cyclops (D:8)
  A troll (D:8)
  A hornet (D:6)
  A wraith (D:8)
  A basilisk (D:8)
  7 orc warriors (Bailey)
  2 black bears
  3 ice beasts
  An ogre (D:6)
  A centaur (D:7)
  2 kobold brigands (D:7)
  A bullfrog (D:7)
  A gnoll sergeant (D:7)
  6 scorpions
  3 necrophages
  Dowan (D:5)
  3 wights
  A howler monkey (D:3)
  4 hounds
  5 jellies
  9 orc priests
  3 gnoll boudas
  5 orc wizards
  7 iguanas
  22 gnolls
  3 adders
  A shadow imp (D:6)
  An ufetubus (D:4)
  3 worms
  2 dart slugs (D:2)
  31 orcs
  8 ball pythons
  7 endoplasms
  4 giant cockroaches
  23 goblins
  16 hobgoblins
  5 quokkas
  3 bats
  2 frilled lizards (D:2)
  15 kobolds
  6 rats
226 creatures vanquished.

Vanquished Creatures (others)
  A dancing weapon (D:5)
  Duvessa (D:5)
2 creatures vanquished.

Grand Total: 228 creatures vanquished

Notes
Turn   | Place    | Note
-------+----------+-------------------------------------------
     0 | D:1      | mopl the Deep Elf Enchanter began the quest for the Orb.
     0 | D:1      | Reached XP level 1. HP: 10/10 MP: 6/6
   114 | D:1      | Reached XP level 2. HP: 5/15 MP: 8/8
   174 | D:1      | Learned a level 2 spell: Ensorcelled Hibernation
   324 | D:1      | Reached skill level 4 in Stealth
   711 | D:2      | Reached XP level 3. HP: 12/19 MP: 10/10
   842 | D:2      | Learned a level 3 spell: Tukima's Dance
   846 | D:2      | Learned a level 3 spell: Confusing Touch
   873 | D:2      | Found a faded altar of an unknown god.
   939 | D:2      | Reached skill level 2 in Short Blades
  1092 | D:2      | Reached XP level 4. HP: 21/24 MP: 11/11
  1666 | D:3      | Found Vohuph's Assorted Antiques.
  1672 | D:3      | Bought a brown potion for 22 gold pieces
  1672 | D:3      | Bought a viscous cyan potion for 22 gold pieces
  1672 | D:3      | Bought a scroll labelled FOIZ OTILOHOA for 25 gold pieces
  2224 | D:3      | Reached skill level 4 in Spellcasting
  2224 | D:3      | Reached skill level 5 in Hexes
  2325 | D:3      | Bought a scroll labelled PENUOSS KYXTENU for 25 gold pieces
  2338 | D:4      | Reached skill level 5 in Stealth
  2338 | D:4      | Reached XP level 5. HP: 28/28 MP: 13/13
  2670 | D:4      | Reached skill level 3 in Short Blades
  2670 | D:4      | Reached XP level 6. HP: 21/32 MP: 12/15
  2715 | D:4      | Learned a level 3 spell: Dazzling Flash
  2817 | D:4      | Reached skill level 5 in Spellcasting
  2833 | D:4      | Found a sacrificial altar of Ru.
  2833 | D:4      | Found a shimmering blue altar of Sif Muna.
  3159 | D:5      | Entered Level 5 of the Dungeon
  3197 | D:5      | Found a runed translucent gate.
  3197 | D:5      | Noticed an orc warrior
  3197 | D:5      | Noticed Dirian's ghost (novice MiFi)
  3198 | D:5      | Found a runed translucent gate.
  3199 | D:5      | Found a runed translucent gate.
  3200 | D:5      | Identified the +7 short sword of Kurchas {heavy, rPois
                  | Int-3 Dex+4 Stlth+}
  3200 | D:5      | Identified the +1 ring mail "Kausoofu" {rN+ Str+3 Int+4}
  3227 | D:5      | Noticed Dowan
  3228 | D:5      | Noticed Duvessa
  3245 | D:5      | Killed Duvessa
  3246 | D:5      | Reached skill level 6 in Stealth
  3246 | D:5      | Reached skill level 6 in Hexes
  3251 | D:5      | Killed Dowan
  3252 | D:5      | Reached XP level 7. HP: 25/36 MP: 13/17
  3348 | D:5      | Reached skill level 6 in Spellcasting
  3351 | D:5      | Reached skill level 4 in Short Blades
  3671 | D:5      | Reached skill level 7 in Stealth
  3671 | D:5      | Reached skill level 7 in Hexes
  3705 | D:5      | Reached XP level 8. HP: 41/41 MP: 20/20
  3922 | D:5      | Found a radiant altar of Vehumet.
  4302 | D:6      | Reached skill level 7 in Spellcasting
  4309 | D:6      | Learned a level 3 spell: Gell's Gravitas
  4323 | D:6      | Reached skill level 1 in Shields
  4336 | D:6      | Found a glowing silver altar of Zin.
  4386 | D:6      | Reached skill level 5 in Short Blades
  4386 | D:6      | Reached skill level 1 in Translocations
  4484 | D:6      | Reached skill level 8 in Hexes
  4486 | D:6      | Reached skill level 8 in Stealth
  4715 | D:6      | Noticed a hornet
  4722 | D:6      | Killed a hornet
  4723 | D:6      | Reached skill level 2 in Shields
  4723 | D:6      | Reached skill level 2 in Translocations
  4730 | D:6      | Reached XP level 9. HP: 41/45 MP: 21/22
  4974 | D:3      | Bought a runed robe for 92 gold pieces
  5307 | D:7      | Reached skill level 8 in Spellcasting
  5330 | D:7      | Found a hide-covered altar of Uskayaw.
  5707 | D:7      | Reached skill level 1 in Evocations
  5865 | D:7      | Found a staircase to the Ecumenical Temple.
  5889 | D:7      | Reached skill level 3 in Translocations
  6035 | Temple   | Entered the Ecumenical Temple
  6120 | D:7      | Reached skill level 1 in Throwing
  6123 | D:7      | HP: 1/45 [orc priest/divine providence (16)]
  6716 | D:7      | Reached skill level 2 in Evocations
  6955 | D:8      | Found a flagged portal.
  6974 | Bailey   | Entered a bailey
  7082 | Bailey   | Reached skill level 6 in Short Blades
  7147 | Bailey   | Reached skill level 2 in Throwing
  7277 | Bailey   | Reached skill level 3 in Shields
  7291 | Bailey   | Reached skill level 9 in Stealth
  7291 | Bailey   | Reached skill level 9 in Hexes
  7321 | Bailey   | Reached skill level 4 in Translocations
  7473 | Bailey   | Noticed an orc knight
  7510 | Bailey   | Killed an orc knight
  7511 | Bailey   | Reached XP level 10. HP: 13/50 MP: 20/24
  7820 | Bailey   | Noticed an orc warlord
  7821 | Bailey   | Reached skill level 7 in Short Blades
  7821 | Bailey   | Reached skill level 4 in Throwing
  7821 | Bailey   | Reached skill level 10 in Stealth
  7821 | Bailey   | Reached skill level 4 in Shields
  7821 | Bailey   | Reached skill level 10 in Spellcasting
  7821 | Bailey   | Reached skill level 10 in Hexes
  7821 | Bailey   | Reached skill level 5 in Translocations
  7821 | Bailey   | Reached skill level 4 in Evocations
  7821 | Bailey   | Reached XP level 11. HP: 54/54 MP: 27/27
  7846 | Bailey   | Killed an orc warlord
  8080 | D:8      | Identified the +0 pair of boots "Jiwkilar" {rF+}
  8116 | D:8      | Reached skill level 5 in Evocations
  8537 | D:8      | Reached skill level 6 in Translocations
  8759 | D:8      | Noticed a red ugly thing
  8759 | D:8      | Noticed a red ugly thing
  8767 | D:8      | Killed a red ugly thing
  8769 | D:8      | Killed a red ugly thing
  8906 | D:8      | Noticed a catoblepas
  8920 | D:8      | Slain by a catoblepas

Illustrated notes

Levels and vault maps discovered:
D:1:      tarquinn_simple_flora_water_d, layout_rooms, hangedman_decor_growths,
          roderic_filled_cross, minmay_bisected
D:2:      layout_rooms, ebering_ecumenical_altar_ruins
D:3:      layout_basic, serial_shops, shop_fountains, kennysheep_potato
D:4:      layout_loops_ring, nicolae_overflow_two_pavilions,
          hangedman_decor_clover_reticule, grunt_decor_fettered
D:5:      layout_loops_corners, nicolae_vehumet_radiance,
          biasface_ghost_orc_armoury, kennysheep_flooded_box,
          minmay_misc_feat_x, nicolae_titane, uniq_duvessa
D:6:      layout_loops_cross, mainiacjoe_overflow_concentric_impassable
D:7:      layout_gridville, nicolae_uskayaw_dance_studio,
          minmay_temple_entry_mini_moons
D:8:      minmay_tri_box, layout_gridville, enter_bailey_3
Temple:   nicolae_temple_god_jail

Skill      XL: |  1  2  3  4  5  6  7  8  9 10 11 |
---------------+----------------------------------+-----
Stealth        | 4 5 6 7 8 9 10 | 10.8
Short Blades   | 2 3 4 5 6 7 |  7.5
Spellcasting   | 4 5 6 7 8 10 | 10.3
Hexes          | 5 6 7 8 9 10 | 10.6
Shields        | 2 3 4 |  4.9
Translocations | 2 4 5 6 |  6.0
Evocations     | 2 4 5 |  5.3
Throwing       | 2 4 |  4.8
Dodging        | |  2.4

Action                     |  1- 3 |  4- 6 |  7- 9 | 10-12 || total
---------------------------+-------+-------+-------+-------++-------
  Melee: Dagger            |   119 |    64 |   321 |    80 ||   584
         Punch             |     1 |       |     3 |       ||     4
  Throw: Dart              |       |     1 |       |       ||     1
   Cast: Ensorcelled Hiber |    26 |    34 |   155 |    27 ||   242
         Tukima's Dance    |       |     2 |     4 |     3 ||     9
         Confusing Touch   |       |       |    12 |     2 ||    14
         Dazzling Flash    |       |       |     2 |     3 ||     5
    Use: Scroll            |       |     5 |     3 |     1 ||     9
         Potion            |       |     1 |     1 |     2 ||     4
   Stab: Sleeping          |    18 |    31 |    96 |    16 ||   161
         Invisible         |       |       |     4 |     8 ||    12
         Confused          |       |       |    11 |     4 ||    15
         Distracted        |       |       |       |     1 ||     1
 Armour: Robe              |    40 |    17 |    27 |    12 ||    96
  Dodge: Dodged            |    84 |    34 |   190 |    21 ||   329

Table legend: (Time is in decaauts)
 A = Elapsed time spent in this place.
 B = Non-inter-level travel time spent in this place.
 C = Inter-level travel time spent in this place.
 D = Time resting spent in this place.
 E = Time spent auto-exploring this place.
 F = Levels seen in this place.
 G = Mean time per level.
                   A        B        C        D        E       F      G
               +--------+--------+--------+--------+--------+-----+--------+
         Total |   8673 |   8137 |    536 |   1635 |   4469 |  10 |  867.3 |
       Dungeon |   7637 |   7115 |    522 |   1253 |   4244 |   8 |  954.6 |
        Temple |     71 |     57 |     14 |      0 |     50 |   1 |   71.0 |
        Bailey |    964 |    964 |      0 |    382 |    175 |   1 |  964.0 |
               +--------+--------+--------+--------+--------+-----+--------+

Top non-repeatable levels by time:
     D:5: 1293 daAuts
     D:3: 1189 daAuts
     D:7: 1139 daAuts
     D:8: 1000 daAuts
  Bailey: 964 daAuts
     D:6: 936 daAuts
     D:4: 834 daAuts
     D:1: 675 daAuts
     D:2: 568 daAuts
  Temple: 71 daAuts
